 Dungeon Sprint DCSS version 0.22.1-2-g9c5b331383 (webtiles) character file.

473776 Groucho the Invulnerable (level 21, -7/174 (179) HPs)
             Began as a Minotaur Fighter on Jan 1, 2019.
             Was the Champion of Makhleb.
             Killed from afar by a lich (16 damage)
             ... with a bolt of lightning
             ... led by Cuybon
             ... in the Dungeon (Sprint IX: "|||||||||||||||||||||||||||||") on Jan 2, 2019.
             The game lasted 00:46:48 (12967 turns).

Groucho the Invulnerable (Minotaur Fighter)        Turns: 12967, Time: 00:46:50

HP:   -7/174 (179)  AC: 35    Str: 25    XL:     21   Next: 65%
MP:   33/33         EV: 18    Int:  8    God:    Makhleb [******]
Gold: 559           SH: 30    Dex: 12    Spells: 56/56 levels left

rFire    + . .     SeeInvis +   r - +9 sword of Zonguldrok {reap}
rCold    + + +     Gourm    .   s - +3 large shield {AC+3}
rNeg     + . .     Faith    .   N - +4 gold dragon scales
rPois    +         Spirit   .   z - +3 crown of Dyrovepreva {rElec Int+2 SInv}
rElec    +         Reflect  .   P - +0 cloak "Wuots" {MR+ Slay+2}
rCorr    +         Harm     .   y - +0 pair of gloves
MR       ++...     Rnd*Rage +   p - +2 pair of boots Stlth ..........NoTele +
                                (no amulet)
HPRegen  0.39/turn              X - ring "Mimek" {rCorr rF- rC+++ rN+ Int+3}
MPRegen  0.23/turn              Y - ring "Amesch" {+Fly rF+ rC+ Slay+3}

@: corroded
A: retaliatory headbutt, horns 2, berserk 1, clumsy 1, deformed body, dopey 1,
frail 2, low mp 2, screaming 1, weak 1, wild magic 1
0: Orb of Zot
}: 7/17 runes: decaying, serpentine, barnacled, slimy, elven, silver, gossamer
a: Minor Destruction, Lesser Servant of Makhleb, Major Destruction, Greater
Servant of Makhleb, Renounce Religion, Evoke Flight


You were in the Dungeon.
You worshipped Makhleb.
Makhleb was exalted by your worship.
You were not hungry.

You visited 1 branch You collected 1943 gold pieces.
You spent 1384 gold pieces at shops.

Inventory:

Hand Weapons
 r - the +9 sword of Zonguldrok (weapon) {reap}
   (You found it in the Dungeon)

   If a monster killed with it leaves a corpse in good enough shape, the corpse
   will be animated as a zombie friendly to the killer.
Missiles
 f - 14 stones
 L - 36 javelins (quivered)
 V - 12 poisoned javelins
Armour
 p - a +2 pair of boots (worn)
 s - a +3 large shield of protection (worn)
 y - a +0 pair of gloves (worn)
 z - the +3 crown of Dyrovepreva (worn) {rElec Int+2 SInv}
   (You bought it in a shop in the Dungeon)

   It affects your intelligence (+2).
   It insulates you from electricity.
   It lets you see invisible.
 N - +4 gold dragon scales (worn)
 P - the +0 cloak "Wuots" (worn) {MR+ Slay+2}
   (You found it in the Dungeon)

   It affects your accuracy and damage with ranged weapons and melee attacks
   (+2).
   It affects your resistance to hostile enchantments.
Jewellery
 a - the ring of Bufeckom {Fire Int+3 Stlth+}
   (You found it in the Dungeon)

   [ring of fire]

   It enhances your fire magic.
   It affects your intelligence (+3).
   It protects you from fire.
   It makes you vulnerable to cold.
   It makes you more stealthy.
 b - a +2 ring of evasion
 c - the ring of Farymoli {-Tele Int+3 Slay+3 Stlth+}
   (You found it in the Dungeon)

   [ring of slaying]

   It affects your intelligence (+3).
   It affects your accuracy and damage with ranged weapons and melee attacks
   (+3).
   It prevents most forms of teleportation.
   It makes you more stealthy.
 g - an uncursed ring of protection from magic {unknown}
 M - an uncursed ring of poison resistance
 O - an uncursed ring of protection from cold
 S - a +2 ring of slaying
 X - the ring "Mimek" (left hand) {rCorr rF- rC+++ rN+ Int+3}
   (You found it in the Dungeon)

   [ring of resist corrosion]

   It affects your intelligence (+3).
   It makes you vulnerable to fire.
   It renders you almost immune to cold.
   It protects you from negative energy.
 Y - the ring "Amesch" (right hand) {+Fly rF+ rC+ Slay+3}
   (You found it in the Dungeon)

   [ring of slaying]

   It affects your accuracy and damage with ranged weapons and melee attacks
   (+3).
   It protects you from fire.
   It protects you from cold.
   It lets you fly.
 Z - the ring "Pouxzinn" {Fire Dex+3 Stlth+}
   (You found it in the Dungeon)

   [ring of fire]

   It enhances your fire magic.
   It affects your dexterity (+3).
   It protects you from fire.
   It makes you vulnerable to cold.
   It makes you more stealthy.
Wands
 o - a wand of iceblast (9)
 G - a wand of acid (4)
Scrolls
 k - 6 scrolls of blinking
 m - 9 scrolls of remove curse
 n - 2 scrolls of amnesia
 t - 5 scrolls of identify
 v - 5 scrolls of fear
 w - 4 scrolls of fog
 A - 2 scrolls of enchant weapon
 E - a scroll of immolation {unknown}
 H - a scroll of acquirement {unknown}
Potions
 e - a potion of invisibility
 i - 4 potions of magic
 j - 2 potions of berserk rage
 l - 7 potions of curing
 q - 2 potions of heal wounds
 u - 5 potions of haste
 B - a potion of agility
 C - a potion of flight {unknown}
 D - a potion of resistance
 F - a potion of brilliance {unknown}
 I - 2 potions of lignification
 J - a potion of ambrosia
 K - a potion of cancellation
Comestibles
 x - a ration


   Skills:
 O Level 27 Fighting
 O Level 27 Long Blades
   Level 5.8 Axes
 O Level 27 Throwing
 O Level 27 Armour
 O Level 27 Dodging
 O Level 27 Shields
 O Level 27 Unarmed Combat
 + Level 18.3 Spellcasting
 O Level 27 Invocations
 O Level 27 Evocations


You had 56 spell levels left.
You didn't know any spells.
Your spell library contained the following spells:

 Spells                   Type           Power        Failure   Level  Hunger
 Confusing Touch          Hex            #.....       52%         1    None
 Confuse                  Hex            #.......     87%         3    #......
 Gell's Gravitas          Tloc           #.........   87%         3    #......
 Petrify                  Tmut/Erth      #.......     99%         4    ###....
 Metabolic Englaciation   Hex/Ice        #.........   100%        5    #####..
 Yara's Violent Unravell  Hex/Tmut       #.........   100%        5    #####..


Dungeon Overview and Level Annotations

Branches:
Dungeon (1/1)

Altars:
Cheibriados
Dithmenos
Elyvilon
Fedhas
Gozag
Hepliaklqana
Kikubaaqudgha
Makhleb
Nemelex Xobeh
Okawaru
Qazlal
Ru
Sif Muna
Trog
Uskayaw
Vehumet
Wu Jian
Xom
Yredelemnul
Zin
The Shining One
Beogh
Jiyva
Lugonu

Shops:
D [!*!


Innate Abilities, Weirdness & Mutations

You reflexively headbutt those who attack you in melee.
You have a pair of horns on your head.
You tend to lose your temper in combat.
You are clumsy. (Dex -2)
Armour fits poorly on your strangely shaped body.
You are dopey. (Int -2)
You are very frail. (-20% HP)
Your magical capacity is very low. (-20% MP)
You occasionally shout uncontrollably at your foes.
You are weak. (Str -2)
Your spells are a little harder to cast, but a little more powerful.


Message History

A lich comes into view.
The lich gestures wildly while chanting.
The lich seems to speed up.
Unknown command.
Throwing (i - inventory. (/) - cycle)
L - 37 javelins (quivered)
Press: ? - help, Shift-Dir - straight line, f/p - Cuybon
Aim: Cuybon (severely wounded)
You throw a javelin. The javelin completely misses Cuybon.
The javelin barely misses the lich.
The javelin hits the tentacled monstrosity!!!
The tentacled monstrosity is moderately wounded.
Cuybon gestures at you. The bolt of acid hits you! You resist.
* * * LOW HITPOINT WARNING * * *
You are splashed with acid!
The acid burns!
You resist.
* * * LOW HITPOINT WARNING * * *
The lich points at you and mumbles some strange words.
The bolt of lightning hits Cuybon.
Cuybon completely resists.
The bolt of lightning hits you! You resist.
You die...

▓▓▓▓▓▓▓▓▓▓▓▓▓▓▓▓▓▓▓▓▓▓▓▓▓▓▓▓▓▓▓▓▓
....'..........)@(..&LXL.'.....(.
▓▓▓▓▓▓▓▓▓▓▓▓▓▓▓▓▓▓▓▓▓▓▓▓▓▓▓▓▓▓▓▓▓
.................................
▓♣♣♣♣♣♣♣♣♣♣♣♣▓▓▓▓▓▓▓▓▓▓▓▓▓▓▓▓▓▓▓▓
ZZZZ.))......))).)()()(())..'...)
▓♣♣♣♣♣♣♣♣♣♣♣♣▓▓▓▓▓▓▓▓▓▓▓▓▓▓▓▓▓▓▓▓
.................................
▓▓▓▓▓▓▓▓▓▓▓▓▓▓▓▓▓▓▓▓▓▓▓▓▓▓▓▓▓▓▓▓▓
......)........'.'.'.'..)..[.[...


You could see Cuybon, a tentacled monstrosity and 2 liches.

Vanquished Creatures
  the Royal Jelly (D)
  3 pandemonium lords (D)
  5 ancient liches (D)
  Mara (D)
  4 orbs of fire (D)
  6 greater mummies (D)
  3 Killer Klowns (D)
  5 golden dragons (D)
  Saint Roka (D)
  Nikola (D)
  A bone dragon (D)
  2 liches (D)
  2 electric golems (D)
  An Ice Fiend (D)
  2 deep elf blademasters (D)
  27 Orb Guardians (D)
  4 tentacled monstrosities (D)
  A quicksilver dragon (D)
  3 deep elf master archers (D)
  14 sphinxes (D)
  8 acid blobs (D)
  Frances (D)
  8 shadow dragons (D)
  2 storm dragons (D)
  3 death cobs (D)
  3 draconian monks (D)
  Ilsuiw (D)
  2 fire giants (D)
  Donald (D)
  2 ghost moths (D)
  3 nagarajas (D)
  2 frost giants (D)
  A draconian knight (D)
  Louise (D)
  2 vault wardens (D)
  2 deep elf sorcerers (D)
  6 emperor scorpions (D)
  A draconian shifter (D)
  A cacodemon (D)
  5 draconian stormcallers (D)
  An ironheart preserver (D)
  A very ugly thing (D)
  8 stone giants (D)
  3 green draconians (D)
  2 deep elf demonologists (D)
  4 black draconians (D)
  4 purple draconians (D)
  5 vampire knights (D)
  2 yellow draconians (D)
  3 red draconians (D)
  5 merfolk javelineers (D)
  An ettin (D)
  An ettin (shapeshifter) (D)
  5 deep elf death magi (D)
  A merfolk impaler (D)
  2 mummy priests (D)
  7 death oozes (D)
  A yaktaur captain (D)
  2 great orbs of eyes (D)
  4 naga warriors (D)
  3 rakshasas (D)
  Harold (D)
  7 fire dragons (D)
  6 ice dragons (D)
  25 vault guards (D)
  3 hydras (D)
  A spriggan air mage (D)
  A centaur warrior (D)
  3 merfolk aquamancers (D)
  A satyr (D)
  A catoblepas (D)
  An alligator (D)
  A death knight (D)
  A deep troll shaman (D)
  A two-headed ogre (D)
  2 deep troll earth magi (D)
  Urug (D)
  3 shock serpents (D)
  A spriggan berserker (D)
  A hell knight (D)
  2 sea snakes (D)
  A sixfirhy (D)
  2 shadow wraiths (D)
  A glowing orange brain (D)
  A naga ritualist (D)
  2 lindwurms (D)
  6 swamp dragons (D)
  3 ironbrand convokers (D)
  2 deep elf archers (D)
  2 orc knights (D)
  An orb spider (D)
  A deep elf mage (D)
  8 orc sorcerers (D)
  3 wolf spiders (D)
  2 ugly things (D)
  A cyclops (D)
  9 moths of wrath (D)
  4 black mambas (D)
  A guardian serpent (D)
  Psyche (D)
  5 vault sentinels (D)
  A naga mage (D)
  A gargoyle (D)
  5 spiny frogs (D)
  An orange demon (D)
  An ice devil (D)
  2 komodo dragons (D)
  2 freezing wraiths (D)
  5 yaktaurs (D)
  2 tengu conjurers (D)
  15 guardian mummies (D)
  A hellwing (D)
  3 demonic crawlers (D)
  2 red devils (D)
  3 merfolk (D)
  2 jumping spiders (D)
  7 tyrant leeches (D)
  A troll (D)
  A polar bear (D)
  2 hornets (D)
  A blink frog (D)
  2 slime creatures (D)
  A hippogriff (D)
  2 redbacks (D)
  11 spriggans (D)
  A water elemental (D)
  A tarantella (D)
  A vampire (D)
  A yak (shapeshifter) (D)
  2 yaks (D)
  A neqoxec (D)
  2 golden eyes (D)
  A basilisk (D)
  A chaos spawn (D)
  An acid dragon (D)
  2 nagas (D)
  2 floating eyes (D)
  4 water moccasins (D)
  5 swamp drakes (D)
  14 orc warriors (D)
  A sky beast (D)
  An ice beast (D)
  A necrophage (D)
  An ogre (D)
  3 crocodiles (D)
  A bullfrog (D)
  A scorpion (D)
  A howler monkey (D)
  A crimson imp (D)
  3 orc priests (D)
  11 orc wizards (D)
  A gnoll (D)
  2 adders (D)
  An adder zombie (D)
  A worm (D)
  A leopard gecko (D)
  6 orcs (D)
  A giant cockroach (D)
  A goblin (D)
  A quokka (D)
  A ball python (D)
  A frilled lizard (D)
  A kobold (D)
482 creatures vanquished.

Vanquished Creatures (collateral kills)
  A greater mummy (D)
  2 acid blobs (D)
  A nagaraja (D)
  A draconian shifter (D)
  A draconian annihilator (D)
  A green draconian (D)
  A merfolk javelineer (D)
  A naga warrior (D)
  A hydra (D)
  A merfolk aquamancer (D)
  A wizard (D)
  A swamp dragon (D)
  A deep elf archer (D)
  2 merfolk sirens (D)
  A vault sentinel (D)
  4 guardian mummies (D)
  A jumping spider (D)
  A worm (D)
23 creatures vanquished.

Vanquished Creatures (others)
  A guardian serpent (D)
  A quokka skeleton (D)
2 creatures vanquished.

Grand Total: 507 creatures vanquished

Notes
Turn   | Place    | Note
-------+----------+-------------------------------------------
     0 | D        | Groucho the Minotaur Fighter began the quest for the Orb.
     0 | D        | Reached XP level 1. HP: 19/19 MP: 0/0
     8 | D        | Reached XP level 2. HP: 5/28 MP: 1/1
   230 | D        | Noticed a howler monkey
   230 | D        | Noticed a crimson imp
   253 | D        | Killed a crimson imp
   253 | D        | Reached skill level 5 in Fighting
   253 | D        | Reached skill level 5 in Axes
   253 | D        | Reached skill level 5 in Armour
   253 | D        | Reached skill level 5 in Shields
   253 | D        | Reached XP level 3. HP: 16/37 MP: 2/2
   256 | D        | Reached XP level 4. HP: 20/45 MP: 3/3
   625 | D        | Found a roughly hewn altar of Beogh.
   625 | D        | Found a snail-covered altar of Cheibriados.
   625 | D        | Found a shadowy altar of Dithmenos.
   625 | D        | Found a white marble altar of Elyvilon.
   625 | D        | Found a blossoming altar of Fedhas.
   625 | D        | Found an opulent altar of Gozag.
   626 | D        | Found a hazy altar of Hepliaklqana.
   627 | D        | Found a viscous altar of Jiyva.
   628 | D        | Found an ancient bone altar of Kikubaaqudgha.
   629 | D        | Found a corrupted altar of Lugonu.
   630 | D        | Found a burning altar of Makhleb.
   631 | D        | Found a sparkling altar of Nemelex Xobeh.
   632 | D        | Found an iron altar of Okawaru.
   633 | D        | Found a stormy altar of Qazlal.
   634 | D        | Found a sacrificial altar of Ru.
   635 | D        | Found a deep blue altar of Sif Muna.
   636 | D        | Found a bloodstained altar of Trog.
   637 | D        | Found a hide-covered altar of Uskayaw.
   638 | D        | Became a worshipper of Makhleb the Destroyer
   639 | D        | Found a radiant altar of Vehumet.
   640 | D        | Found an ornate altar of the Wu Jian Council.
   641 | D        | Found a shimmering altar of Xom.
   642 | D        | Found a basalt altar of Yredelemnul.
   643 | D        | Found a glowing silver altar of Zin.
   644 | D        | Found a glowing golden altar of the Shining One.
   653 | D        | Found the +9 sword of Zonguldrok {reap}
   692 | D        | Noticed an ice beast
   692 | D        | Noticed a necrophage
   692 | D        | Noticed a two-headed ogre
   692 | D        | Noticed a bullfrog
   696 | D        | Killed an ice beast
   696 | D        | Reached XP level 5. HP: 34/52 MP: 3/6
   698 | D        | Killed a necrophage
   698 | D        | Reached * piety under Makhleb
   698 | D        | Reached XP level 6. HP: 40/61 MP: 3/7
   705 | D        | Killed a two-headed ogre
   705 | D        | Reached skill level 10 in Fighting
   705 | D        | Reached skill level 10 in Armour
   705 | D        | Reached skill level 10 in Shields
   705 | D        | Reached XP level 7. HP: 48/72 MP: 4/10
   711 | D        | Reached ** piety under Makhleb
   787 | D        | Noticed a yak
   787 | D        | Noticed a rakshasa
   787 | D        | Noticed a vampire
   787 | D        | Noticed a troll
   787 | D        | Noticed a basilisk
   792 | D        | Killed a yak
   792 | D        | Reached XP level 8. HP: 80/80 MP: 10/12
   800 | D        | Killed a rakshasa
   808 | D        | Reached *** piety under Makhleb
   808 | D        | Reached XP level 9. HP: 80/89 MP: 12/14
   811 | D        | Killed a troll
   811 | D        | Reached skill level 10 in Long Blades
   961 | D        | Noticed a spiny frog
   961 | D        | Noticed a komodo dragon
   961 | D        | Noticed a komodo dragon
   965 | D        | Killed a spiny frog
   966 | D        | Noticed a spiny frog
   972 | D        | Killed a komodo dragon
   972 | D        | Reached **** piety under Makhleb
   984 | D        | Killed a komodo dragon
   985 | D        | Noticed a spiny frog
   992 | D        | Reached ***** piety under Makhleb
   995 | D        | Killed a spiny frog
   995 | D        | Reached XP level 10. HP: 100/100 MP: 16/16
   996 | D        | Killed a spiny frog
   996 | D        | Reached skill level 10 in Invocations
  1015 | D        | Noticed a spiny frog
  1015 | D        | Noticed a spiny frog
  1020 | D        | Killed a spiny frog
  1026 | D        | Killed a spiny frog
  1041 | D        | Reached ****** piety under Makhleb
  1052 | D        | Noticed a lindwurm
  1052 | D        | Noticed a lindwurm
  1073 | D        | Killed a lindwurm
  1104 | D        | Killed a lindwurm
  1770 | D        | Noticed an orc knight
  1785 | D        | Killed an orc knight
  1785 | D        | Reached XP level 11. HP: 71/111 MP: 18/18
  1848 | D        | Noticed an orc knight
  1861 | D        | Killed an orc knight
  1944 | D        | Found Ojish's Armour Emporium.
  1944 | D        | Noticed an orc sorcerer
  1944 | D        | Noticed an orc sorcerer
  1945 | D        | Noticed an orc sorcerer
  1947 | D        | Found Leskaunn's Distillery.
  1951 | D        | Killed an orc sorcerer
  1951 | D        | Reached skill level 15 in Fighting
  1951 | D        | Reached skill level 15 in Armour
  1951 | D        | Reached skill level 15 in Shields
  1954 | D        | Killed an orc sorcerer
  1955 | D        | Paralysed by an orc sorcerer for 6 turns
  1956 | D        | Noticed an orc sorcerer
  1962 | D        | Killed an orc sorcerer
  1965 | D        | Found Fepeas's Assorted Antiques.
  1970 | D        | Found Iqiemext's Distillery.
  1972 | D        | Killed an orc sorcerer
  1975 | D        | Noticed an orc sorcerer
  1977 | D        | Noticed an orc sorcerer
  1978 | D        | Noticed an orc sorcerer
  1979 | D        | Noticed a soul eater
  1981 | D        | Killed an orc sorcerer
  1994 | D        | Paralysed by an orc sorcerer for 6 turns
  1995 | D        | Noticed a sun demon
  2001 | D        | Killed an orc sorcerer
  2009 | D        | Killed an orc sorcerer
  2227 | D        | Bought the +3 crown of Dyrovepreva {rElec Int+2 SInv} for
                  | 579 gold pieces
  2227 | D        | Found the +3 crown of Dyrovepreva {rElec Int+2 SInv}
  2234 | D        | Bought a potion of curing for 33 gold pieces
  2234 | D        | Bought a potion of curing for 33 gold pieces
  2234 | D        | Bought a potion of degeneration for 11 gold pieces
  2234 | D        | Bought a potion of agility for 44 gold pieces
  2234 | D        | Bought a potion of invisibility for 88 gold pieces
  2236 | D        | Bought a grey potion for 18 gold pieces
  2236 | D        | Bought a bubbling black potion for 18 gold pieces
  2236 | D        | Bought a scroll labeled ILIMOO VEPE for 21 gold pieces
  2236 | D        | Bought a fuming coppery potion for 18 gold pieces
  2236 | D        | Bought a sharpened brass wand for 84 gold pieces
  2236 | D        | Bought a scroll labeled DOCLEO QEUSUTT for 21 gold pieces
  2238 | D        | Bought 2 potions of lignification for 78 gold pieces
  2238 | D        | Bought a potion of resistance for 130 gold pieces
  2238 | D        | Bought a potion of ambrosia for 104 gold pieces
  2238 | D        | Bought a potion of cancellation for 104 gold pieces
  2355 | D        | Noticed Psyche
  2356 | D        | Noticed Urug
  2361 | D        | Killed Psyche
  2369 | D        | Killed Urug
  2459 | D        | Got the +0 cloak "Wuots" {MR+ Slay+2}
  2507 | D        | Noticed a catoblepas
  2507 | D        | Noticed a centaur warrior
  2510 | D        | Noticed a red ugly thing
  2511 | D        | Killed a catoblepas
  2517 | D        | Noticed a cyan very ugly thing
  2524 | D        | Noticed a fire dragon
  2526 | D        | Noticed a stone giant
  2529 | D        | Killed a centaur warrior
  2529 | D        | Reached skill level 15 in Long Blades
  2530 | D        | Noticed an ice dragon
  2535 | D        | Killed a red very ugly thing
  2535 | D        | Reached XP level 12. HP: 122/122 MP: 20/20
  2548 | D        | Noticed a great orb of eyes
  2551 | D        | Killed a fire dragon
  2552 | D        | Noticed a fire dragon
  2557 | D        | Killed a stone giant
  2565 | D        | Killed an ice dragon
  2574 | D        | Killed a great orb of eyes
  2581 | D        | Killed a fire dragon
  3266 | D        | Noticed Frances
  3282 | D        | Killed Frances
  3314 | D        | Noticed an emperor scorpion
  3329 | D        | Killed an emperor scorpion
  3668 | D        | Noticed a naga warrior
  3685 | D        | Killed a naga warrior
  3685 | D        | Reached XP level 13. HP: 104/134 MP: 21/23
  3717 | D        | Reached skill level 15 in Invocations
  4324 | D        | Noticed Harold
  4333 | D        | Killed Harold
  4362 | D        | Noticed a stone giant
  4362 | D        | Noticed an ettin
  4362 | D        | Noticed a stone giant
  4367 | D        | Noticed a lich
  4374 | D        | Killed a stone giant
  4381 | D        | Killed an ettin
  4387 | D        | Noticed a stone giant
  4390 | D        | Killed a stone giant
  4399 | D        | Paralysed by a lich for 6 turns
  4405 | D        | Noticed a fire giant
  4408 | D        | Killed a lich
  4409 | D        | Noticed a stone giant
  4411 | D        | Noticed a stone giant
  4418 | D        | Killed a stone giant
  4429 | D        | Killed a fire giant
  4450 | D        | Killed a stone giant
  4450 | D        | Reached XP level 14. HP: 86/148 MP: 25/25
  4469 | D        | Noticed a stone giant
  4470 | D        | Noticed a frost giant
  4487 | D        | Killed a stone giant
  4498 | D        | Killed a frost giant
  4557 | D        | Noticed a stone giant
  4588 | D        | Killed a stone giant
  5079 | D        | Noticed Saint Roka
  5101 | D        | Killed Saint Roka
  5134 | D        | Noticed Louise
  5169 | D        | Killed Louise
  5814 | D        | Noticed a nagaraja
  5815 | D        | Noticed a nagaraja
  5827 | D        | Reached skill level 5 in Dodging
  5827 | D        | Reached skill level 5 in Unarmed Combat
  5833 | D        | Killed a nagaraja
  5841 | D        | Killed a nagaraja
  5847 | D        | Noticed a nagaraja
  5853 | D        | Killed a nagaraja
  5901 | D        | Noticed a nagaraja
  5911 | D        | Killed a nagaraja
  5917 | D        | Got a serpentine rune of Zot
  5937 | D        | Noticed Ilsuiw
  5951 | D        | Reached XP level 15. HP: 153/162 MP: 27/27
  5964 | D        | Killed Ilsuiw
  6018 | D        | Got a barnacled rune of Zot
  6098 | D        | Reached skill level 10 in Dodging
  6098 | D        | Reached skill level 10 in Unarmed Combat
  6153 | D        | Got a decaying rune of Zot
  6273 | D        | Noticed a ghost moth
  6274 | D        | Noticed a ghost moth
  6307 | D        | Killed a ghost moth
  6339 | D        | Killed a ghost moth
  6378 | D        | Got a gossamer rune of Zot
  6915 | D        | Noticed Mara
  6920 | D        | Noticed Groucho's illusion
  6949 | D        | HP: 7/166 [Mara/demon trident of flaming (13)]
  7004 | D        | Noticed Groucho's illusion
  7019 | D        | Killed Mara
  7784 | D        | Reached skill level 1 in Throwing
  7812 | D        | Reached skill level 5 in Throwing
  7848 | D        | Reached XP level 16. HP: 155/174 MP: 28/28
  7910 | D        | Reached skill level 10 in Throwing
  8152 | D        | Noticed a storm dragon
  8152 | D        | Noticed a quicksilver dragon
  8163 | D        | Noticed a sphinx
  8167 | D        | Killed a quicksilver dragon
  8170 | D        | Killed a storm dragon
  8170 | D        | Reached skill level 15 in Dodging
  8172 | D        | Killed a sphinx
  8173 | D        | Noticed a shadow dragon
  8175 | D        | Noticed a shadow dragon
  8185 | D        | Killed a shadow dragon
  8204 | D        | Killed a shadow dragon
  8241 | D        | Noticed a sphinx
  8281 | D        | Killed a sphinx
  8365 | D        | Noticed a shadow dragon
  8365 | D        | Noticed a shadow dragon
  8365 | D        | Noticed a shadow dragon
  8370 | D        | Noticed a shadow dragon
  8385 | D        | Killed a shadow dragon
  8395 | D        | Killed a shadow dragon
  8395 | D        | Reached skill level 15 in Throwing
  8401 | D        | Killed a shadow dragon
  8409 | D        | Killed a shadow dragon
  8415 | D        | Got a silver rune of Zot
  8459 | D        | Noticed Nikola
  8476 | D        | Killed Nikola
  8565 | D        | Got the ring "Mimek" {rCorr rF- rC+++ rN+ Int+3}
  8567 | D        | Got the ring "Amesch" {+Fly rF+ rC+ Slay+3}
  8569 | D        | Got the ring "Pouxzinn" {Fire Dex+3 Stlth+}
  8587 | D        | Got the ring of Bufeckom {Fire Int+3 Stlth+}
  8589 | D        | Got the ring of Farymoli {-Tele Int+3 Slay+3 Stlth+}
  8625 | D        | Got the +3 large shield of Joitoet {Int+5}
  8731 | D        | Noticed Donald
  8739 | D        | Killed Donald
  8767 | D        | Noticed a tentacled monstrosity
  8774 | D        | Reached skill level 27 in Armour
  8782 | D        | Killed a tentacled monstrosity
  8782 | D        | Reached skill level 27 in Shields
  8810 | D        | Reached XP level 17. HP: 175/185 MP: 29/29
  9266 | D        | Noticed a golden dragon
  9266 | D        | Noticed a bone dragon
  9285 | D        | Killed a bone dragon
  9289 | D        | Killed a golden dragon
  9289 | D        | Reached skill level 27 in Fighting
  9290 | D        | Noticed a golden dragon
  9338 | D        | Killed a golden dragon
  9478 | D        | Noticed a golden dragon
  9513 | D        | Killed a golden dragon
 10303 | D        | Noticed a golden dragon
 10303 | D        | Noticed a tentacled monstrosity
 10312 | D        | Noticed a tentacled monstrosity
 10315 | D        | Reached skill level 27 in Dodging
 10328 | D        | Killed a golden dragon
 10335 | D        | Killed a tentacled monstrosity
 10342 | D        | Killed a tentacled monstrosity
 10563 | D        | Noticed an Orb Guardian
 10563 | D        | Noticed an Orb Guardian
 10563 | D        | Noticed an Orb Guardian
 10563 | D        | Noticed an Orb Guardian
 10563 | D        | Noticed an Orb Guardian
 10563 | D        | Noticed an Orb Guardian
 10567 | D        | Killed an Orb Guardian
 10567 | D        | Reached XP level 18. HP: 200/200 MP: 30/30
 10571 | D        | Killed an Orb Guardian
 10572 | D        | Noticed an Orb Guardian
 10577 | D        | Killed an Orb Guardian
 10584 | D        | Killed an Orb Guardian
 10587 | D        | Noticed an Orb Guardian
 10589 | D        | Killed an Orb Guardian
 10594 | D        | Killed an Orb Guardian
 10602 | D        | Killed an Orb Guardian
 10610 | D        | Killed an Orb Guardian
 10612 | D        | Noticed an Orb Guardian
 10613 | D        | Noticed an Orb Guardian
 10616 | D        | Killed an Orb Guardian
 10616 | D        | Reached skill level 27 in Long Blades
 10618 | D        | Killed an Orb Guardian
 10625 | D        | Noticed an Orb Guardian
 10625 | D        | Noticed an Orb Guardian
 10625 | D        | Noticed a tentacled monstrosity
 10640 | D        | Killed a tentacled monstrosity
 10649 | D        | Killed an Orb Guardian
 10659 | D        | Killed an Orb Guardian
 10664 | D        | Noticed an Orb Guardian
 10666 | D        | Noticed an Orb Guardian
 10669 | D        | Killed an Orb Guardian
 10672 | D        | Killed an Orb Guardian
 10701 | D        | Noticed an ancient lich
 10707 | D        | Killed an ancient lich
 10711 | D        | Noticed an orb of fire
 10714 | D        | Gained mutation: Your spells are a little harder to cast,
                  | but a little more powerful. [an orb of fire]
 10719 | D        | Gained mutation: You are frail. (-10% HP) [an orb of fire]
 10719 | D        | Gained mutation: Armour fits poorly on your strangely
                  | shaped body. [an orb of fire]
 10725 | D        | Gained mutation: Your magical capacity is low. (-10% MP)
                  | [an orb of fire]
 10727 | D        | Killed an orb of fire
 10837 | D        | Noticed an electric golem
 10841 | D        | Killed an electric golem
 10844 | D        | Noticed a Killer Klown
 10844 | D        | Noticed a Killer Klown
 10844 | D        | Noticed a Killer Klown
 10844 | D        | Noticed an Orb Guardian
 10844 | D        | Noticed an orb of fire
 10850 | D        | Noticed an orb of fire
 10851 | D        | Killed a Killer Klown
 10860 | D        | Gained mutation: You occasionally shout uncontrollably at
                  | your foes. [an orb of fire]
 10861 | D        | Killed an orb of fire
 10885 | D        | Gained mutation: Your magical capacity is very low. (-20%
                  | MP) [an orb of fire]
 10888 | D        | Killed an orb of fire
 10888 | D        | Reached XP level 19. HP: 186/186 MP: 26/27
 10889 | D        | Noticed an orb of fire
 10904 | D        | Gained mutation: You are clumsy. (Dex -2) [an orb of fire]
 10912 | D        | Gained mutation: You are weak. (Str -2) [an orb of fire]
 10913 | D        | Gained mutation: You are dopey. (Int -2) [an orb of fire]
 10914 | D        | Gained mutation: You are very frail. (-20% HP) [an orb of
                  | fire]
 10915 | D        | Gained mutation: You tend to lose your temper in combat.
                  | [an orb of fire]
 10917 | D        | Killed an orb of fire
 10917 | D        | Reached skill level 27 in Invocations
 10940 | D        | Killed a Killer Klown
 10946 | D        | Killed a Killer Klown
 10947 | D        | Noticed an electric golem
 10949 | D        | Noticed a golden dragon
 10959 | D        | Killed an electric golem
 10978 | D        | Killed a golden dragon
 11497 | D        | Reached skill level 27 in Throwing
 11509 | D        | Reached skill level 15 in Unarmed Combat
 11535 | D        | Got the Orb of Zot
 11617 | D        | Noticed an ancient lich
 11617 | D        | Noticed an ancient lich
 11630 | D        | Killed an ancient lich
 11630 | D        | Noticed Kurolori the pandemonium lord
 11636 | D        | Noticed an ancient lich
 11637 | D        | Killed an ancient lich
 11644 | D        | Noticed an ancient lich
 11668 | D        | Killed an ancient lich
 11668 | D        | Reached XP level 20. HP: 80/172 MP: 29/29
 11679 | D        | Killed an ancient lich
 11710 | D        | Killed Kurolori the pandemonium lord
 11710 | D        | Reached skill level 27 in Unarmed Combat
 11799 | D        | Reached skill level 10 in Evocations
 11857 | D        | Reached skill level 15 in Evocations
 11889 | D        | Paralysed by a floating eye for 3 turns
 11906 | D        | Noticed the Royal Jelly
 11943 | D        | Killed the Royal Jelly
 11985 | D        | Paralysed by a floating eye for 2 turns
 11992 | D        | Paralysed by a floating eye for 3 turns
 12134 | D        | Got a slimy rune of Zot
 12172 | D        | Got an elven rune of Zot
 12304 | D        | Reached XP level 21. HP: 179/179 MP: 29/29
 12361 | D        | Reached skill level 27 in Evocations
 12365 | D        | Reached skill level 1 in Spellcasting
 12630 | D        | Noticed a greater mummy
 12652 | D        | Killed a greater mummy
 12710 | D        | Noticed Unoraus the pandemonium lord
 12726 | D        | Killed Unoraus the pandemonium lord
 12726 | D        | Reached skill level 10 in Spellcasting
 12898 | D        | Noticed Zoinouq the pandemonium lord
 12920 | D        | Killed Zoinouq the pandemonium lord
 12927 | D        | Noticed a greater mummy
 12927 | D        | Noticed a greater mummy
 12927 | D        | Noticed a greater mummy
 12927 | D        | Noticed a greater mummy
 12930 | D        | Noticed a greater mummy
 12934 | D        | Killed a greater mummy
 12934 | D        | Killed a greater mummy
 12936 | D        | Killed a greater mummy
 12936 | D        | Reached skill level 15 in Spellcasting
 12937 | D        | Killed a greater mummy
 12939 | D        | Noticed a greater mummy
 12940 | D        | Killed a greater mummy
 12942 | D        | Killed a greater mummy
 12957 | D        | Noticed Cuybon the pandemonium lord
 12967 | D        | Killed from afar by a lich

Skill      XL: |  1  2  3  4  5  6  7  8  9 10 11 12 13 14 15 16 17 18 19 20 21 |
---------------+----------------------------------------------------------------+-----
Fighting       | 4 5 6 7 8 10 11 12 14 16 18 20 22 24 25 27 | 27.0
Axes           | 3 5 |  5.8
Armour         | 4 5 6 7 8 10 11 12 14 16 18 20 22 24 27 | 27.0
Shields        | 4 5 6 7 8 10 11 12 14 16 18 20 22 24 27 | 27.0
Long Blades    | 3 4 7 8 9 11 13 15 17 22 27 | 27.0
Invocations    | 2 3 6 8 9 11 13 14 16 18 26 27 | 27.0
Dodging        | 7 13 17 27 | 27.0
Unarmed Combat | 7 12 24 27 | 27.0
Throwing       | 7 16 19 27 | 27.0
Evocations     | 25 27 | 27.0
Spellcasting   | 18 | 18.3

Action                   |  1- 3 |  4- 6 |  7- 9 | 10-12 | 13-15 | 16-18 | 19-21 || total
-------------------------+-------+-------+-------+-------+-------+-------+-------++-------
Melee: War axe           |    40 |     2 |       |       |       |       |       ||    42
       Headbutt          |     8 |     1 |    19 |    79 |   159 |   188 |   142 ||   596
       Double sword      |       |    12 |    64 |   321 |   614 |   604 |   547 ||  2162
Throw: Javelin           |       |       |       |       |       |    38 |    34 ||    72
       Stone             |       |       |       |       |       |       |     1 ||     1
Invok: Major Destruction |       |       |       |     2 |     8 |     6 |     4 ||    20
       Greater Servant o |       |       |       |       |     4 |       |    10 ||    14
Evoke: Wand              |       |       |       |       |     3 |       |       ||     3
  Use: Potion            |     1 |     1 |       |     1 |    19 |       |    12 ||    34
       Scroll            |       |       |       |       |     2 |     4 |       ||     6
 Stab: Confused          |       |       |       |       |     2 |       |       ||     2
       Sleeping          |       |       |       |       |     1 |       |       ||     1
       Invisible         |       |       |       |       |     6 |       |       ||     6
  Eat: Ration            |       |       |       |     3 |     4 |     3 |     2 ||    12
       Chunk             |       |       |       |       |     1 |       |     1 ||     2
Armor: Scale mail        |    17 |     1 |       |       |       |       |       ||    18
       Plate armour      |       |     1 |    17 |    53 |       |       |       ||    71
       Shadow dragon sca |       |       |       |    59 |   123 |     9 |       ||   191
       Storm dragon scal |       |       |       |       |       |    42 |       ||    42
       Gold dragon scale |       |       |       |       |       |    64 |   128 ||   192
Dodge: Dodged            |     9 |     2 |    10 |    52 |   112 |   120 |    95 ||   400
Block: Shield            |    27 |     7 |    36 |   129 |   129 |       |       ||   328
       Large shield      |       |       |       |       |   314 |   491 |   481 ||  1286
       Rpst.: Double sword |       |       |     3 |    12 |     9 |    14 |    18 ||    56
